AoeStats
← SmokedYoAzz420

Fortress

510254829Analyzed
4v4 RM · 1d ago on Sep 30, 2026· 53m 18s· 8 players
Game mode
Random Map
Map size
Huge
Population
200
Speed
Normal
Resources
Standard
Victory
Conquest
Starting age
Dark Age
Ending age
Imperial Age
RankedLock teamsTeams togetherTeam positionsShared explorationLock speedFull tech treeHidden civsTurbo modeCheats
Victory
Defeat
🇨🇦 Khmer · Canada
803
+16
🇺🇸 Maya · United States
778
+17
🇺🇸 Mongols · United States
732
+18
🇺🇸 Teutons · United States
612
+23
🇨🇳 Saracens · China
835
-20
🇺🇸 Persians · United States
818
-20
🇪🇸 Huns · Spain
789
-19
🇨🇴 Maya · Colombia
701
-15
SmokedYoAzz420
0:34 Loom
13:24 Feudal Age
19:22 Castle Age
17:22 Double-Bit Axe
17:21 Horse Collar
17:36 Gold Mining
17:36 Stone Mining
17:47 Fletching
17:59 Padded Archer Armor
21:20 Wheelbarrow
20:32 Town Watch
21:04 Bow Saw
20:59 Heavy Plow
21:40 Stone Shaft Mining
24:45 Hand Cart
31:54 Imperial Age
29:01 Pikeman
29:42 Squires
29:28 Arson
30:20 Bodkin Arrow
30:41 Leather Archer Armor
33:34 Hul'che Javelineers
33:58 Conscription
33:08 Halberdier
34:39 Ring Archer Armor
34:09 Bracer
34:11 Scale Mail Armor
34:21 Forging
39:18 Fortified Wall
38:50 Treadmill Crane
39:08 Murder Holes
39:35 Ballistics
40:17 Chemistry
39:30 Masonry
40:33 Two-Man Saw
40:08 Crop Rotation
41:22 Elite Plumed Archer
42:58 Iron Casting
42:38 Chain Mail Armor
42:28 Caravan
42:59 Coinage
42:40 Guilds
45:44 Banking
47:22 Eagle Warrior
48:24 Elite Eagle Warrior
50:13 Blast Furnace
49:43 Plate Mail Armor
Dora Explora
8:05 Feudal Age
6:23 Loom
9:02 Double-Bit Axe
8:59 Horse Collar
11:58 Wheelbarrow
11:24 Gold Mining
18:28 Castle Age
16:25 Stone Mining
18:33 Crossbowman
19:18 Thumb Ring
19:49 Hand Cart
19:46 Bow Saw
22:42 Heavy Plow
25:01 Fletching
25:13 Padded Archer Armor
26:41 Bodkin Arrow
30:02 Leather Archer Armor
35:45 Imperial Age
36:30 Caravan
37:10 Elite Mangudai
39:17 Bracer
39:46 Conscription
39:31 Nomads
41:01 Onager
43:58 Siege Onager
51:10 Hoardings
50:58 Drill
51:19 Hoardings
Commander Davis
1:29 Loom
10:26 Feudal Age
11:21 Double-Bit Axe
11:20 Horse Collar
16:29 Castle Age
14:46 Gold Mining
14:58 Stone Mining
16:16 Wheelbarrow
18:21 Bow Saw
18:41 Hand Cart
21:51 Heavy Plow
22:31 Gold Shaft Mining
22:33 Stone Shaft Mining
28:31 Imperial Age
30:13 Double Crossbow
29:52 Elite Ballista Elephant
30:32 Capped Ram
33:04 Crop Rotation
31:58 Heavy Scorpion
33:23 Siege Ram
37:11 Siege Engineers
38:12 Chemistry
37:28 Fortified Wall
37:41 Ballistics
38:23 Caravan
38:49 Fletching
39:00 Padded Archer Armor
39:11 Forging
39:06 Scale Barding Armor
44:59 Bodkin Arrow
45:19 Leather Archer Armor
45:40 Iron Casting
45:05 Scale Mail Armor
45:26 Chain Barding Armor
45:19 Masonry
45:05 Murder Holes
vkoni1997
9:37 Feudal Age
16:04 Castle Age
16:18 Double-Bit Axe
16:17 Horse Collar
16:28 Gold Mining
16:28 Stone Mining
17:01 Loom
21:41 Fortified Wall
22:46 Wheelbarrow
23:58 Hand Cart
25:20 Stone Shaft Mining
28:03 Bow Saw
28:10 Heavy Plow
35:07 Ballistics
41:13 Imperial Age
39:06 Squires
38:53 Arson
43:03 Chemistry
42:10 Siege Engineers
44:05 Conscription
46:36 Scale Mail Armor
46:46 Forging
46:15 Heavy Scorpion
48:45 Chain Mail Armor
49:07 Iron Casting
50:21 Ironclad
nathanst1996
8:11 Feudal Age
8:08 Loom
9:26 Wheelbarrow
8:39 Horse Collar
11:13 Double-Bit Axe
18:43 Castle Age
17:17 Gold Mining
18:27 Scale Barding Armor
18:33 Forging
27:44 Bloodlines
28:25 Heavy Plow
30:18 Kamandaran
31:06 Fletching
31:17 Padded Archer Armor
31:37 Chain Barding Armor
30:44 Crossbowman
32:12 Bow Saw
32:53 Thumb Ring
32:47 Bodkin Arrow
33:08 Leather Archer Armor
35:08 Fervor
38:07 Imperial Age
35:57 Hand Cart
37:34 Iron Casting
37:47 Cavalier
39:02 Savar
40:57 Plate Barding Armor
41:01 Capped Ram
47:55 Blast Furnace
49:06 Husbandry
Jaguar_gaming
1:58 Loom
8:13 Feudal Age
9:33 Wheelbarrow
8:45 Double-Bit Axe
8:42 Horse Collar
9:42 Gold Mining
12:14 Padded Archer Armor
12:04 Fletching
13:17 Forging
16:11 Castle Age
15:44 Stone Mining
16:33 Crossbowman
17:20 Thumb Ring
18:24 Leather Archer Armor
18:05 Bodkin Arrow
22:58 Stone Shaft Mining
22:39 Bow Saw
24:10 Iron Casting
25:17 Town Watch
27:49 Hul'che Javelineers
31:58 Hand Cart
31:44 Town Patrol
33:45 Scale Mail Armor
36:28 Imperial Age
36:20 Murder Holes
36:46 Ballistics
37:38 Capped Ram
37:43 Arbalester
39:36 Conscription
38:37 Elite Plumed Archer
42:41 Chain Mail Armor
43:26 Blast Furnace
41:53 Eagle Warrior
41:54 Pikeman
41:54 Man-at-Arms
42:35 Squires
42:20 Arson
俺讨厌种田
7:22 Feudal Age
9:59 Loom
12:20 Castle Age
10:54 Double-Bit Axe
10:50 Horse Collar
19:22 Wheelbarrow
25:39 Hand Cart
27:02 Light Cavalry
27:53 Bloodlines
27:43 Husbandry
29:30 Scale Mail Armor
29:35 Scale Barding Armor
29:40 Forging
29:35 Scale Barding Armor
29:21 Fletching
29:31 Padded Archer Armor
33:14 Imperial Age
31:34 Chain Mail Armor
31:39 Chain Barding Armor
32:53 Iron Casting
35:50 Hussar
37:48 Elite Mameluke
39:00 Ballistics
38:44 Onager
41:21 Siege Onager
[PKT]Luixpozo
2:06 Loom
8:51 Feudal Age
14:54 Castle Age
13:45 Double-Bit Axe
13:45 Horse Collar
16:14 Bloodlines
16:10 Husbandry
23:41 Scale Barding Armor
26:51 Chain Barding Armor
26:42 Forging
Connection lost

Rejoining the realm…

Still unreachable

The connection could not be restored.

Session expired

The server has moved on; the page needs a fresh start.